 Dungeon Crawl Stone Soup version 0.20.1-1-g8b1a95d66d (webtiles) character file.

14200 Ivernyr the Markscentaur (level 11, 0/99 HPs)
             Began as a Centaur Hunter on Nov 18, 2017.
             Was a High Priest of Okawaru.
             Slain by a manticore (8 damage)
             ... on level 12 of the Dungeon.
             The game lasted 00:50:25 (14931 turns).

Ivernyr the Markscentaur (Centaur Hunter)          Turns: 14931, Time: 00:50:25

Health: 0/99       AC: 18    Str: 15    XL:     11   Next: 85%
Magic:  11/11      EV:  7    Int: 13    God:    Okawaru [*****.]
Gold:   659        SH:  0    Dex: 10    Spells: 8/10 levels left

rFire    + . .     SeeInvis +   a - +1 shortbow (flame)
rCold    . . .     Gourm    +   (shield currently unavailable)
rNeg     . . .     Faith    .   c - +0 acid dragon scales
rPois    .         Spirit   .   F - +0 helmet
rElec    .         Reflect  .   r - +0 cloak
rCorr    +         Harm     .   (no gloves)
MR       .....                  h - +0 centaur barding {rF+}
Stlth    ..........             L - amulet of the gourmand
Regen    0.3/turn               g - ring of see invisible
MPRegen  0.2/turn               j - +6 ring of protection

@: barbed spikes, very quick
A: hooves 3, deformed body, speed 2, tough skin 3
a: Heroism, Finesse, Renounce Religion


You were on level 12 of the Dungeon.
You worshipped Okawaru.
Okawaru was extremely pleased with you.
You were full.

You visited 2 branches of the dungeon, and saw 14 of its levels.

You collected 659 gold pieces.

Inventory:

Hand Weapons
 a - a +1 shortbow of flaming (weapon)
Missiles
 d - 175 arrows (quivered)
Armour
 c - +0 acid dragon scales (worn)
 h - a +0 centaur barding of fire resistance (worn)
 r - a +0 cloak (worn)
 F - a +0 helmet (worn)
Jewellery
 g - a ring of see invisible (left hand)
 j - a +6 ring of protection (right hand)
 H - an uncursed ring of wizardry
 L - an amulet of the gourmand (around neck)
 X - an uncursed ring of poison resistance
Wands
 z - a wand of digging (15/24)
Scrolls
 b - 2 scrolls of random uselessness {unknown}
 e - 13 scrolls of identify {unknown}
 k - 2 scrolls of blinking {unknown}
 l - 4 scrolls of remove curse {unknown}
 m - 7 scrolls of teleportation {unknown}
 p - 3 scrolls of fear {unknown}
 q - 4 scrolls of magic mapping {unknown}
 y - 5 scrolls of enchant armour {unknown}
 D - a scroll of fog {unknown}
 E - a scroll of immolation {unknown}
 M - a scroll of enchant weapon {unknown}
 N - 4 scrolls of recharging {unknown}
 O - 2 scrolls of silence {unknown}
 V - a scroll of amnesia {unknown}
Potions
 i - a potion of agility {unknown}
 n - 6 potions of curing
 o - a potion of mutation {unknown}
 s - a potion of flight {unknown}
 w - a potion of resistance {unknown}
 B - 4 potions of might {unknown}
 C - a potion of ambrosia {unknown}
 G - a potion of invisibility {unknown}
 I - 3 potions of haste {unknown}
 J - a potion of lignification {unknown}
 Q - a potion of heal wounds {unknown}
 R - 4 potions of brilliance {unknown}
 U - 2 potions of degeneration {unknown}
 W - a potion of cancellation {unknown}
Comestibles
 f - 8 bread rations
 u - 5 royal jellies
 A - 10 meat rations
 P - 8 fruits


   Skills:
 + Level 10.0 Fighting
 * Level 17.2 Bows
 - Level 1.3 Dodging
 - Level 0.4 Stealth
 + Level 9.6 Unarmed Combat


You had 8 spell levels left.
You knew the following spells:

 Your Spells              Type           Power        Failure   Level  Hunger
a - Blink                 Tloc           N/A          54%         2    ###....


Dungeon Overview and Level Annotations

Branches:
Dungeon (13/15)            Temple (1/1) D:5            Lair (0/6) D:11
    Orc (0/2) D:11
 Vaults: D:13-14

Altars:
Ashenzari
Cheibriados
Dithmenos
Elyvilon
Fedhas
Gozag
Hepliaklqana
Kikubaaqudgha
Makhleb
Nemelex Xobeh
Okawaru
Qazlal
Ru
Sif Muna
Trog
Uskayaw
Vehumet
Xom
Yredelemnul
Zin
The Shining One

Shops:
D:6 ?


Innate Abilities, Weirdness & Mutations

You have hooves in place of feet.
Armour fits poorly on your strangely shaped body.
You cover ground very quickly.
You have extremely tough skin. (AC +3)


Message History

Press: ? - help, Shift-Dir - straight line, f/p - manticore
Aim: a manticore (heavily wounded)
You shoot an arrow.
The arrow hits the manticore but does no damage.
The manticore is heavily wounded.
Firing (i - inventory):
d - 176 arrows (quivered)
Press: ? - help, Shift-Dir - straight line, f/p - manticore
Aim: a manticore (heavily wounded)
You shoot an arrow. The arrow barely misses the manticore.
The manticore bites you!
* * * LOW HITPOINT WARNING * * *
The manticore claws you.
* * * LOW HITPOINT WARNING * * *
The manticore claws you.
* * * LOW HITPOINT WARNING * * *
You feel better. The manticore bites you!
* * * LOW HITPOINT WARNING * * *
The manticore claws you but does no damage.
The manticore claws you!
You die...

......#......#
.>....########.#
....## #†# .⌠.#
#†# #.# ######.#
.#...%..#
⌠...$....#
..######@# #H#
#.# ..# .(# ..(#
#..# #.(#


You could see a manticore.

Vanquished Creatures
  A vault guard (D:10)
  3 two-headed ogres
  Urug (D:8)
  An unseen horror (D:13)
  A manticore (D:12)
  2 ugly things
  The ghost of Ivernyr the Slinger, a novice HaHu (D:5)
  5 trolls
  A hornet (D:9)
  A merfolk (D:9)
  2 hippogriffs
  Sigmund (D:3)
  2 vampires
  2 wyverns
  3 basilisks
  4 vampire mosquitoes (D:12)
  3 wargs (D:11)
  An acid dragon (D:11)
  A water moccasin (D:10)
  4 orc warriors
  6 ice beasts
  2 sky beasts
  A necrophage (D:10)
  A phantom (D:7)
  A black bear (D:11)
  2 ogres
  3 centaurs
  2 big kobolds
  6 bullfrogs
  A wyvern skeleton (D:7)
  2 scorpions
  4 killer bees
  8 wights
  6 howler monkeys
  7 crimson imps
  2 bullfrog zombies (D:9)
  Crazy Yiuf (D:2)
  9 hounds
  3 jellies
  A bullfrog skeleton (D:5)
  5 orc priests
  7 orc wizards
  2 iguanas
  Ijyb (D:3)
  Natasha (thrice) (D:3)
  11 worker ants
  Terence (D:2)
  A hound zombie (D:6)
  2 worker ant zombies
  4 gnolls (D:9)
  A howler monkey zombie (D:7)
  A howler monkey skeleton (D:4)
  15 adders
  4 shadow imps
  2 oozes
  An adder zombie (D:9)
  An adder skeleton (D:6)
  4 worms
  5 dart slugs
  5 leopard geckos
  66 orcs
  6 bats
  4 giant cockroaches
  7 goblins
  9 hobgoblins
  10 jackals
  3 quokkas
  A ball python (D:3)
  3 frilled lizards
  14 kobolds
  8 rats
315 creatures vanquished.

Notes
Turn   | Place    | Note
-------+----------+-------------------------------------------
     0 | D:1      | Ivernyr the Centaur Hunter began the quest for the Orb.
     0 | D:1      | Reached XP level 1. HP: 17/17 MP: 1/1
   420 | D:1      | Reached XP level 2. HP: 21/24 MP: 2/2
   947 | D:1      | Reached skill level 6 in Bows
  1249 | D:1      | Reached XP level 3. HP: 30/30 MP: 3/3
  1555 | D:2      | Reached skill level 1 in Unarmed Combat
  1777 | D:2      | Noticed Terence
  1781 | D:2      | Killed Terence
  1781 | D:2      | Reached XP level 4. HP: 31/37 MP: 4/4
  1992 | D:2      | Found a runed door.
  1997 | D:2      | Noticed Crazy Yiuf
  2006 | D:2      | Killed Crazy Yiuf
  2357 | D:3      | Reached skill level 7 in Bows
  2436 | D:3      | Reached XP level 5. HP: 45/45 MP: 5/5
  2621 | D:3      | Noticed Natasha
  2628 | D:3      | Killed Natasha
  2692 | D:3      | Found a burning altar of Makhleb.
  2694 | D:3      | Noticed a green death
  2698 | D:3      | Noticed a neqoxec
  2698 | D:3      | Noticed a hellwing
  2911 | D:3      | Noticed Sigmund
  2929 | D:3      | Killed Sigmund
  2929 | D:3      | Reached skill level 8 in Bows
  2929 | D:3      | Reached XP level 6. HP: 52/52 MP: 6/6
  3018 | D:3      | Noticed Ijyb
  3040 | D:3      | Killed Ijyb
  3141 | D:3      | Noticed Natasha
  3156 | D:3      | Killed Natasha
  3275 | D:3      | Noticed Natasha
  3285 | D:3      | Killed Natasha
  3580 | D:4      | Reached XP level 7. HP: 57/59 MP: 7/7
  3982 | D:4      | Reached skill level 9 in Bows
  4648 | D:5      | Entered Level 5 of the Dungeon
  4674 | D:5      | Found a staircase to the Ecumenical Temple.
  4708 | Temple   | Entered the Ecumenical Temple
  4774 | Temple   | Became a worshipper of Warmaster Okawaru
  5203 | D:5      | Reached skill level 10 in Bows
  5270 | D:5      | Reached skill level 5 in Fighting
  5324 | D:5      | Reached * piety under Okawaru
  5324 | D:5      | Reached XP level 8. HP: 35/68 MP: 8/8
  5550 | D:5      | Found an opulent altar of Gozag.
  5550 | D:5      | Found a sparkling altar of Nemelex Xobeh.
  5731 | D:5      | Noticed Ivernyr's ghost (novice HaHu)
  5831 | D:5      | Killed Ivernyr's ghost
  6196 | D:5      | Reached skill level 11 in Bows
  6196 | D:5      | Reached skill level 5 in Unarmed Combat
  6409 | D:5      | Found a blossoming altar of Fedhas.
  6631 | D:6      | Found an ancient bone altar of Kikubaaqudgha.
  6892 | D:6      | Found a blossoming altar of Fedhas.
  6994 | D:6      | Found Fezuaz's Magic Scroll Shoppe.
  7381 | D:7      | Reached ** piety under Okawaru
  7381 | D:7      | Reached XP level 9. HP: 67/75 MP: 9/9
  7545 | D:7      | Reached skill level 12 in Bows
  8427 | D:8      | Got a crude spear
  8428 | D:8      | Identified the +2 spear of Kiewuk {venom, rN+} (You found it on level 8 of the Dungeon)
  8701 | D:8      | Noticed a two-headed ogre
  8722 | D:8      | Killed a two-headed ogre
  8722 | D:8      | Reached *** piety under Okawaru
  8722 | D:8      | Received a gift from Okawaru
  8722 | D:8      | Reached skill level 13 in Bows
  8879 | D:8      | Found a shimmering altar of Xom.
  9131 | D:8      | Reached **** piety under Okawaru
  9631 | D:9      | Reached XP level 10. HP: 86/86 MP: 10/10
  9820 | D:9      | Received a gift from Okawaru
  9820 | D:9      | Reached skill level 14 in Bows
 10335 | D:9      | Noticed a two-headed ogre
 10370 | D:9      | Killed a two-headed ogre
 10372 | D:9      | Received a gift from Okawaru
 10602 | D:10     | Entered Level 10 of the Dungeon
 10920 | D:10     | Noticed Urug
 10972 | D:8      | You fall through a shaft for 3 floors!
 10996 | D:11     | Reached skill level 15 in Bows
 11038 | D:11     | Found a staircase to the Orcish Mines.
 11147 | D:11     | Reached ***** piety under Okawaru
 11393 | D:8      | Killed Urug
 11552 | D:9      | Paralysed by a hornet for 3 turns
 11558 | D:9      | Reached XP level 11. HP: 33/95 MP: 8/11
 11654 | D:9      | Received a gift from Okawaru
 12650 | D:11     | Noticed a vault guard
 12707 | D:10     | Killed a vault guard
 12707 | D:10     | Received a gift from Okawaru
 12707 | D:10     | Reached skill level 16 in Bows
 12803 | D:11     | Noticed a two-headed ogre
 12839 | D:11     | Killed a two-headed ogre
 13076 | D:11     | Found a staircase to the Lair.
 13083 | D:11     | Learned a level 2 spell: Blink
 13446 | D:11     | You fall through a shaft for 2 floors!
 13472 | D:13     | Received a gift from Okawaru
 13742 | D:13     | Noticed an unseen horror
 13757 | D:13     | Killed an unseen horror
 13757 | D:13     | Received a gift from Okawaru
 14116 | D:13     | Noticed a brown ugly thing
 14161 | D:13     | Killed a brown ugly thing
 14161 | D:13     | Received a gift from Okawaru
 14766 | D:12     | Noticed a green ugly thing
 14787 | D:12     | Reached skill level 17 in Bows
 14799 | D:12     | Killed a green ugly thing
 14799 | D:12     | Received a gift from Okawaru
 14799 | D:12     | Reached skill level 10 in Fighting
 14931 | D:12     | Slain by a manticore

Skill      XL: |  1  2  3  4  5  6  7  8  9 10 11 |
---------------+----------------------------------+-----
Bows           | 6 7 8 10 11 13 15 17 | 17.2
Unarmed Combat | 1 2 3 4 5 7 8 9 |  9.6
Fighting       | 3 4 5 6 7 8 10 | 10.0
Dodging        | |  1.3
Stealth        | |  0.4

Action                   |  1- 3 |  4- 6 |  7- 9 | 10-12 || total
-------------------------+-------+-------+-------+-------++-------
Melee: Unarmed           |   144 |   155 |   327 |   298 ||   924
       Kick              |    27 |    28 |    76 |    63 ||   194
       Punch             |       |     1 |     7 |     8 ||    16
 Fire: Shortbow          |    26 |    49 |   282 |   410 ||   767
Invok: Heroism           |       |       |       |     4 ||     4
  Use: Potion            |       |       |       |     4 ||     4
  Eat: Chunk             |     2 |     4 |    15 |    19 ||    40
       Fruit             |       |       |     1 |       ||     1
Armor: Leather armour    |    76 |    88 |   221 |    36 ||   421
       Troll leather arm |       |       |       |    67 ||    67
       Acid dragon scale |       |       |       |   204 ||   204
Dodge: Dodged            |    84 |    58 |   117 |   176 ||   435
